 Dungeon Crawl Stone Soup version 0.31.0-11-ge490571c62 (webtiles) character file.

Game seed: 5141626978632949352

1242 sanka the Basher (level 8, -2/66 HPs)
             Began as a Minotaur Fighter on Jan 27, 2024.
             Was a Follower of the Shining One.
             Slain by a gnoll sergeant
             ... wielding a +4 trident of flaming
              (6 damage)
             ... on level 6 of the Dungeon.
             The game lasted 00:08:32 (4712 turns).

sanka the Basher (Minotaur Fighter)                 Turns: 4712, Time: 00:08:33

Health: -2/66      AC: 10    Str: 21    XL:     8   Next: 25%
Magic:  7/7        EV:  7    Int:  5    God:    the Shining One [*.....]
Gold:   271        SH:  4    Dex: 12    Spells: 7/7 levels left

rFire   . . .        a - +0 morningstar
rCold   . . .        c - +0 buckler
rNeg    . . .        h - +0 chain mail
rPois   .            (helmet restricted)
rElec   .            j - +0 cloak
rCorr   .            (no gloves)
SInv    .            (no boots)
Will    .....        (no amulet) Stlth
                     (no ring)
HPRegen 0.31/turn    (no ring)
MPRegen 0.10/turn

%: no passive effects
@: glowing
A: horns 2, retaliatory headbutt
a: Renounce Religion, Divine Shield


You were on level 6 of the Dungeon.
You worshipped the Shining One.
The Shining One was aware of your devotion.
You visited 2 branches of the dungeon, and saw 8 of its levels.

You collected 271 gold pieces.


Innate Abilities, Weirdness & Mutations

You have a pair of horns on your head.
You reflexively headbutt those who attack you in melee.


   Skills:
 - Level 4.0 Fighting
 + Level 11.9 Maces & Flails
 - Level 3.6 Armour
 - Level 3.6 Shields


You had 7 spell levels left.
You didn't know any spells.
Your spell library contained the following spells:

 Spells                   Type           Power      Damage    Failure   Level
 Stone Arrow              Conj/Erth      0%         3d7       100%        3
 Animate Armour           Summ/Erth      0%         N/A       100%        4
 Manifold Assault         Tloc           0%         N/A       100%        4
 Dispersal                Tloc           0%         N/A       100%        6
 Disjunction              Tloc           0%         N/A       100%        8
 Lehudib's Crystal Spear  Conj/Erth      0%         10d2      100%        8

Inventory:

Hand Weapons
 a - a +0 morningstar (weapon)
Missiles
 z - 5 poisoned darts (quivered)
Armour
 c - a +0 buckler (worn)
 h - a +0 chain mail (worn)
 j - a +0 cloak (worn)
Magical Staves
 q - a staff of fire
Wands
 l - a wand of roots (6)
 n - a wand of paralysis (8)
 y - a wand of flame (21)
Scrolls
 e - 4 scrolls of identify {unknown}
 f - a scroll of brand weapon {unknown}
 g - a scroll of enchant armour {unknown}
 i - 2 scrolls of enchant weapon {unknown}
 p - a scroll of teleportation {unknown}
 r - 2 scrolls of summoning {unknown}
 u - 2 scrolls of amnesia {unknown}
 v - a scroll of fear {unknown}
 w - a scroll of noise {unknown}
 x - a scroll of immolation {unknown}
Potions
 b - 2 potions of brilliance {unknown}
 d - 3 potions of might
 k - 4 potions of attraction {unknown}
 m - a potion of cancellation {unknown}
 o - a potion of haste {unknown}
 s - a potion of curing {unknown}
 t - a potion of magic {unknown}

Dungeon Overview and Level Annotations

Branches:
Dungeon (7/15)             Temple (1/1) D:4

Altars:
Ashenzari
Cheibriados
Gozag
Hepliaklqana
Makhleb
Nemelex Xobeh
Okawaru
Qazlal
Ru
Trog
Uskayaw
Vehumet
Wu Jian
Xom
Zin
The Shining One

Shops:
D:2 [   D:3 =   D:6 :

Annotations:
D:5 2 transporters, MirrMurr's ghost, novice MiFi

.....▒▒...▒.▒▒ ....
≈....▒▒.▒...▒ ....▒
≈.....▒▒..▒.▒ .....
≈≈≈≈.....[<.▒ .!....
...≈≈.......▒▒ ......
..≈≈.▒.....▒▒ ▒......
..h≈........▒▒▒▒▒)......
..g≈........#...).......
...≈.......▒▒#HDg...?...
▒.g≈.<........▒..▒......
▒.≈......[...▒▒▒).▒....
▒.≈...........▒ ▒▒▒ ▒.▒
..≈.▒.▒......▒▒ ▒
≈.▒.▒▒.....▒ ▒ ▒.▒▒.▒▒
▒▒ ▒▒▒


You could see a steam dragon (paralysed) and a gnoll sergeant.


Message History

The steam dragon bites you but does no damage.
You block the steam dragon's attack.
You puncture the ogre!
You kill the ogre!
You are engulfed in a cloud of scalding steam.
The steam dragon barely misses you. The steam dragon claws you.
* * * LOW HITPOINT WARNING * * *
Unknown command.
You hit the steam dragon but do no damage.
The steam dragon bites you but does no damage.
The steam dragon completely misses you.
You barely miss the steam dragon. You headbutt the steam dragon.
The steam dragon is lightly wounded.
The steam dragon bites you.
* * * LOW HITPOINT WARNING * * *
The steam dragon claws you but does no damage.
The gnoll sergeant hits you from afar with a +4 trident of flaming.
* * * LOW HITPOINT WARNING * * *
The gnoll sergeant burns you.
* * * LOW HITPOINT WARNING * * *
Aiming: Paralyse
Press: ? - help, Shift-Dir - straight line, f - steam dragon
Aim: a steam dragon (lightly wounded, haloed, chance to affect: 49%)
The steam dragon suddenly stops moving!
The gnoll sergeant hits you from afar with a +4 trident of flaming!
* * * LOW HITPOINT WARNING * * *
The gnoll sergeant burns you.
You die...

Action                     |  1- 3 |  4- 6 |  7- 9 || total
---------------------------+-------+-------+-------++-------
  Melee: Flail             |   106 |   119 |       ||   225
         Headbutt          |    14 |    19 |    12 ||    45
         Morningstar       |       |    36 |    78 ||   114
  Evoke: Wand              |       |       |     2 ||     2
 Armour: Scale mail        |    58 |       |       ||    58
         Chain mail        |    20 |   107 |   100 ||   227
  Dodge: Dodged            |    44 |    36 |    39 ||   119
  Block: Buckler           |    18 |    21 |    16 ||    55

Levels and vault maps discovered:
D:1:      minmay_arrival_four_loops, layout_basic
D:2:      layout_basic, basic_altar, serial_shops, shop, basic_ecumenical_altar
D:3:      layout_basic, nicolae_uskayaw_suspiria, serial_shops,
          nicolae_shop_hallway_stairs, nrook_campfire, hex_medium,
          grunt_ministairs_15
D:4:      layout_cave_pods, minmay_temple_entry_gardened_gates,
          kennysheep_another_room, hangedman_decor_growths
D:5:      layout_loops_cross, gammafunk_ghost_gnarly_gnolls
D:6:      layout_cave_pools, nicolae_overflow_crystal_walls, fedhas_altar_4,
          serial_gnoll_camp, gnoll_camp_mini_hut, gnoll_camp_huts_moat,
          gnoll_camp_mini_hut, gnoll_camp_mini_house, gnoll_camp_mini_doghouse,
          gnoll_camp_mini_house, nicolae_shop_self_help
D:7:      layout_loops_ring, gammafunk_temple_overflow_pools, uniq_maggie
Temple:   eino_wide_crystal_templ

Notes
Turn   | Place    | Note
-------+----------+-------------------------------------------
     0 | D:1      | sanka the Minotaur Fighter began the quest for the Orb.
     0 | D:1      | Reached XP level 1. HP: 19/19 MP: 0/0
    37 | D:1      | Reached skill level 4 in Fighting
    39 | D:1      | Reached skill level 3 in Maces & Flails
    39 | D:1      | Reached XP level 2. HP: 27/27 MP: 1/1
   189 | D:1      | Reached skill level 4 in Maces & Flails
   226 | D:1      | Reached XP level 3. HP: 32/33 MP: 2/2
   658 | D:2      | Found a bloodstained altar of Trog.
   926 | D:2      | Reached skill level 5 in Maces & Flails
   935 | D:2      | Reached XP level 4. HP: 37/40 MP: 3/3
   974 | D:2      | Found Uja Bab's Armour Shoppe.
  1027 | D:2      | Found a faded altar of an unknown god.
  1533 | D:3      | Identified the +8 dagger "Wedoif Udu" {freeze, Int+5}
  1555 | D:3      | Reached skill level 6 in Maces & Flails
  1591 | D:3      | Reached XP level 5. HP: 33/46 MP: 4/4
  1834 | D:3      | Found a hide-covered altar of Uskayaw.
  1991 | D:3      | Reached skill level 7 in Maces & Flails
  2200 | D:3      | Found Enongeg's Jewellery Emporium.
  2348 | D:4      | Reached XP level 6. HP: 47/52 MP: 5/5
  2473 | D:4      | Reached skill level 8 in Maces & Flails
  2790 | D:4      | Found a staircase to the Ecumenical Temple.
  2799 | Temple   | Entered the Ecumenical Temple
  2811 | Temple   | Became a worshipper of the Shining One
  3197 | D:4      | Reached skill level 9 in Maces & Flails
  3197 | D:4      | Reached XP level 7. HP: 54/59 MP: 6/6
  3435 | D:5      | Entered Level 5 of the Dungeon
  3517 | D:4      | Reached skill level 10 in Maces & Flails
  3921 | D:5      | Found a transporter.
  3932 | D:5      | Identified the +6 spear of Tacs {venom, Int+4 Dex+8}
  3932 | D:5      | Identified the +6 scale mail of Viclynk {rC+ rN+++ Will-
                  | Regen+}
  3932 | D:5      | Identified the +0 buckler of the Worm {+Inv rC- rN+}
  3967 | D:5      | Reached skill level 11 in Maces & Flails
  4165 | D:5      | Reached XP level 8. HP: 66/66 MP: 7/7
  4373 | D:5      | Found a transporter.
  4387 | D:5      | Noticed MirrMurr's ghost (novice MiFi)
  4387 | D:5      | Reached * piety under the Shining One
  4513 | D:6      | Found Geosh's Self-Improvement Boutique.
  4678 | D:6      | Identified the +1 scale mail of Honesty {-Tele rF+ Str+3}
  4712 | D:6      | HP: 4/66 [gnoll sergeant/+4 trident of flaming (13)]
  4712 | D:6      | Slain by a gnoll sergeant

Vanquished Creatures
  An ice beast (D:5)
  3 ogres
  A phantom (D:4)
  A scorpion (D:5)
  An electric eel (D:6)
  4 hounds
  A bombardier beetle (D:3)
  A gnoll bouda (D:4)
  2 orc priests
  A sleepcap (D:4)
  6 orc wizards
  9 adders
  12 gnolls
  2 ufetubi (D:5)
  A dart slug (D:1)
  2 ribbon worms (D:2)
  10 orcs
  4 bats
  6 endoplasms
  2 giant cockroaches (D:1)
  8 goblins
  7 hobgoblins
  4 jackals (D:1)
  6 kobolds
  3 quokkas
  4 ball pythons
  5 frilled lizards
  11 rats
118 creatures vanquished.

Vanquished Creatures (others)
  An orc (D:6)
1 creature vanquished.

Grand Total: 119 creatures vanquished
